 Dungeon Crawl Stone Soup version 0.28-a0-751-gef3a642a4e (webtiles) character file.

Game seed: 10486860579689557409

1887 flotson the Skirmisher (level 8, -5/61 (62) HPs)
             Began as a Demonspawn Delver on Oct 30, 2021.
             Was a Follower of Sif Muna.
             Killed by divine providence
             ... invoked by an orc priest
              (10 damage)
             ... on level 7 of the Dungeon.
             The game lasted 00:11:32 (7788 turns).

flotson the Skirmisher (Demonspawn Delver)          Turns: 7788, Time: 00:11:32

HP:   -5/61 (62)    AC:  7    Str: 14    XL:     8   Next: 92%
MP:   12/12         EV: 14    Int: 16    God:    Sif Muna [*.....]
Gold: 329           SH:  6    Dex: 21    Spells: 7/13 levels left

rFire   + . .      SeeInvis .   b - +3 short sword "Nomuganlomo" {vorpal, rElec rCorr}
rCold   . . .      Faith    .   u - +0 buckler
rNeg    . . .      Spirit   .   k - +1 leather armour {rF+}
rPois   .          Reflect  .   (no helmet)
rElec   +          Harm     .   s - +1 cloak
rCorr   +          Rampage  .   l - +0 pair of gloves
Will    .....                   (no boots)
Stlth   +++.......              (no amulet)
HPRegen 0.20/turn               d - ring of wizardry
MPRegen 0.13/turn               A - +6 ring of dexterity

@: lightly drained
A: claws 1, big brain 2, demonic magic 1
a: Renounce Religion, Channel Magic


You were on level 7 of the Dungeon.
You worshipped Sif Muna.
Sif Muna was aware of your devotion.
You visited 1 branch of the dungeon, and saw 7 of its levels.

You collected 329 gold pieces.

Inventory:

Hand Weapons
 a - a +0 whip of pain
 b - the +3 short sword "Nomuganlomo" (weapon) {vorpal, rElec rCorr}
   (You took it off an orc wizard on level 4 of the Dungeon)

   It inflicts extra damage upon your enemies.
   rElec:     It insulates you from electricity.
   rCorr:     It protects you from acid and corrosion.
Missiles
 j - 71 poisoned darts (quivered)
 v - 5 atropa-tipped darts
Armour
 k - a +1 leather armour of fire resistance (worn)
 l - a +0 pair of gloves (worn)
 s - a +1 cloak (worn)
 u - a +0 buckler (worn)
Magical Staves
 o - a staff of conjuration
Jewellery
 d - a ring of wizardry (left hand)
 n - a ring of see invisible
 A - a +6 ring of dexterity (right hand)
 I - a ring of flight
Wands
 g - a wand of digging (1)
 F - a wand of flame (24)
Scrolls
 c - 4 scrolls of fog
 e - a scroll of amnesia {unknown}
 i - 3 scrolls of identify {unknown}
 p - 2 scrolls of enchant weapon {unknown}
 t - a scroll of magic mapping
 w - a scroll of fear
 y - a scroll of summoning {unknown}
 z - a scroll of holy word {unknown}
 B - a scroll of enchant armour {unknown}
 E - a scroll of noise {unknown}
 J - a scroll of teleportation {unknown}
Potions
 f - a potion of haste
 h - 2 potions of heal wounds {unknown}
 m - a potion of might {unknown}
 q - a potion of resistance {unknown}
 r - 2 potions of lignification {unknown}
 x - 4 potions of curing
 C - a potion of degeneration {unknown}
 D - a potion of brilliance {unknown}
 G - a potion of flight {unknown}
Miscellaneous
 H - a piece from Xom's chessboard (14/15)


   Skills:
 + Level 5.0 Fighting
 - Level 3.2 Axes
 - Level 2.0 Throwing
 + Level 3.3 Armour
 + Level 4.0 Dodging
 - Level 4.5 Stealth
 * Level 3.4 Shields
 + Level 3.1 Spellcasting
 - Level 1.2 Conjurations
 + Level 3.5 Necromancy
 - Level 2.0 Air Magic
 + Level 4.3 Invocations
 - Level 2.0 Evocations


You had 7 spell levels left.
You knew the following spells:

 Your Spells              Type           Power      Damage    Failure   Level
a - Corpse Rot            Necr/Air       22%        N/A       4%          2
b - Dispel Undead         Necr           13%        3d9       22%         4

Your spell library contained the following spells:

 Spells                   Type           Power      Damage    Failure   Level
 Animate Armour           Summ/Erth      4%         N/A       65%         4
 Iskenderun's Battlesphe  Conj           6%         2d6       82%         5
 Fireball                 Conj/Fire      2%         3d4       88%         5
 Blade Hands              Tmut           1%         N/A       92%         5
 Death Channel            Necr           6%         N/A       96%         6
 Conjure Ball Lightning   Conj/Air       3%         3x3d6     99%         6
 Iron Shot                Conj/Erth      2%         9d2       100%        6
 Orb of Destruction       Conj           3%         9d1       100%        7


Dungeon Overview and Level Annotations

Branches:
Dungeon (7/15)
 Temple: D:4-7

Altars:
Cheibriados
Sif Muna
Vehumet
Xom


Innate Abilities, Weirdness & Mutations

You have sharp fingernails.
You have an extremely huge brain. (Int +4)
Spells you cast may paralyse adjacent enemies.


Message History

The orc priest invokes the aid of Beogh against you.
Beogh smites you!
The orc wizard moves out of view.
Found a stone staircase leading up.
An orc priest comes into view. It is wielding a +0 mace.
An orc priest comes into view. It is wielding a +0 flail.
The orc priest shouts!
You hear a shout!
The orc wizard shouts!
You closely miss the orc priest. The orc priest closely misses you.
The orc priest shouts!
You hit the orc priest.
The orc priest is lightly wounded.
The orc priest closely misses you.
The orc priest calls upon Beogh to heal the orc priest.
The orc priest's wounds heal themselves!
You barely miss the orc priest.
An orc comes into view. It is wielding a +0 club.
The orc priest invokes the aid of Beogh against you.
Beogh smites you!
You hit the orc priest.
The orc priest is lightly wounded.
The orc wizard gestures at you while chanting.
You resist with some effort.
The orc priest invokes the aid of Beogh against you.
Beogh smites you! You block the orc priest's attack.
You are too injured to fight recklessly!
You are too injured to fight recklessly!
You are too injured to fight recklessly!
You are too injured to fight recklessly!
You are too injured to fight recklessly!
You are too injured to fight recklessly!
Unknown command.
The orc priest hits you with a +0 dagger of draining.
* * * LOW HITPOINT WARNING * * *
You feel drained.
* * * LOW HITPOINT WARNING * * *
The orc priest invokes the aid of Beogh against you.
Beogh smites you!
* * * LOW HITPOINT WARNING * * *
The orc priest calls down the wrath of Beogh upon you.
Beogh smites you!
You die...

#.. ... ........... ..
#.......#.. #.#
#.......>..##o.#
##.......#.#...o# ..
#..........#.o..# ..<
##..........#.o..#....
###.........#.#.........
#....<# ....#.@.o..#..^.
#.....# .##.##.....#.. .
#.....##.##.##.........
#.....#..#..............
#.....#.##..............
#................###....
#.......##.......# ....
#................# ###
#..............#.#


You could see 3 orc priests, an orc wizard and an orc.

Vanquished Creatures
  Sigmund (D:3)
  A water moccasin (D:5)
  An orc warrior (D:6)
  A sky beast (D:5)
  A necrophage (D:5)
  An ogre (D:4)
  2 phantoms (D:6)
  A kobold brigand (D:6)
  2 bullfrogs
  A wyvern zombie (D:5)
  2 scorpions
  4 water moccasin skeletons
  2 jellies
  A hound (D:6)
  2 orc priests (D:6)
  A centaur skeleton (D:5)
  3 iguanas
  2 orc wizards
  4 gnolls (D:4)
  9 adders
  A shadow imp (D:6)
  A white imp (D:7)
  3 ufetubi
  2 worms
  3 dart slugs
  9 orcs
  4 endoplasms
  A giant cockroach (D:3)
  4 goblins
  5 hobgoblins
  4 jackals (D:3)
  12 kobolds
  4 quokkas
  6 ball pythons
  3 bats
  5 frilled lizards
  4 rats
113 creatures vanquished.

Vanquished Creatures (others)
  An orc wizard (D:6)
1 creature vanquished.

Grand Total: 114 creatures vanquished

Notes
Turn   | Place    | Note
-------+----------+-------------------------------------------
     0 | D:5      | flotson the Demonspawn Delver began the quest for the Orb.
     0 | D:5      | Reached XP level 1. HP: 18/18 MP: 1/1
   107 | D:5      | Noticed a scorpion
   248 | D:5      | Gained mutation: Spells you cast may paralyse adjacent
                  | enemies. [demonic ancestry]
   248 | D:5      | Reached XP level 2. HP: 12/24 MP: 2/2
   248 | D:5      | Gained mutation: You have an unusually large brain. (Int
                  | +2) [demonic ancestry]
   248 | D:5      | Reached XP level 3. HP: 14/29 MP: 3/3
   443 | D:5      | Noticed a sky beast
   742 | D:3      | Reached skill level 1 in Throwing
   742 | D:3      | Reached skill level 1 in Armour
   935 | D:3      | Noticed Sigmund
  1339 | D:1      | Reached skill level 1 in Evocations
  1539 | D:1      | Gained mutation: You have sharp fingernails. [demonic
                  | ancestry]
  1539 | D:1      | Reached XP level 4. HP: 35/35 MP: 4/4
  2086 | D:2      | Learned a level 2 spell: Corpse Rot
  2563 | D:3      | Found a radiant altar of Vehumet.
  2999 | D:4      | Gained mutation: You have an extremely huge brain. (Int +4)
                  | [demonic ancestry]
  2999 | D:4      | Reached XP level 5. HP: 14/41 MP: 5/5
  3415 | D:4      | Found a shimmering blue altar of Sif Muna.
  3421 | D:4      | Became a worshipper of Sif Muna the Loreminder
  3540 | D:4      | Reached skill level 1 in Necromancy
  3540 | D:4      | Reached skill level 1 in Air Magic
  3544 | D:4      | Reached skill level 1 in Spellcasting
  3753 | D:4      | Reached XP level 6. HP: 29/48 MP: 7/7
  4044 | D:3      | Found a radiant altar of Vehumet.
  4260 | D:3      | Killed Sigmund
  4261 | D:3      | Reached skill level 1 in Conjurations
  4261 | D:3      | Reached skill level 1 in Invocations
  4588 | D:4      | Identified the +3 short sword "Nomuganlomo" {vorpal, rElec
                  | rCorr}
  4800 | D:4      | Found a snail-covered altar of Cheibriados.
  4800 | D:4      | Found a shimmering altar of Xom.
  4832 | D:4      | Reached skill level 4 in Fighting
  4832 | D:4      | Reached XP level 7. HP: 46/54 MP: 7/9
  5543 | D:5      | Reached skill level 1 in Shields
  5834 | D:5      | Reached XP level 8. HP: 26/61 MP: 11/11
  6758 | D:6      | Learned a level 4 spell: Dispel Undead
  6934 | D:6      | Reached * piety under Sif Muna
  7780 | D:7      | Reached skill level 5 in Fighting
  7788 | D:7      | Killed from afar by an orc priest

Illustrated notes

Levels and vault maps discovered:
D:1:      dpeg_arrival_houses_and_road, layout_loops_ring
D:2:      layout_rooms, grunt_ministairs_7
D:3:      layout_basic, nicolae_overflow_hidden_temple, minmay_cupped,
          uniq_sigmund
D:4:      layout_basic, kennysheep_orc_sif_temple,
          chequers_temple_overflow_statue_of_worship, minmay_surrounded
D:5:      layout_loops_ring, kennysheep_generic_room_12
D:6:      layout_basic, hellmonk_bongcloud_opening, minmay_misc_feat_hallway,
          hangedman_abyss_or_decor_passed
D:7:      layout_rooms, minmay_temple_entry_overgrown, uniq_prince_ribbit1

Skill      XL: |  1  2  3  4  5  6  7  8 |
---------------+-------------------------+-----
Axes           | 2 3 |  3.2
Dodging        | 2 3 4 |  4.0
Throwing       | 1 2 |  2.0
Armour         | 1 2 3 |  3.3
Evocations     | 1 2 |  2.0
Necromancy     | 1 2 3 |  3.5
Air Magic      | 1 2 |  2.0
Spellcasting   | 1 2 3 |  3.1
Conjurations   | 1 |  1.2
Invocations    | 1 3 4 |  4.3
Fighting       | 4 5 |  5.0
Shields        | 1 3 |  3.4
Stealth        | |  4.5

Action                   |  1- 3 |  4- 6 |  7- 9 || total
-------------------------+-------+-------+-------++-------
Melee: Hand axe          |    59 |       |       ||    59
       Flail             |    23 |   111 |       ||   134
       Short sword       |       |    16 |   208 ||   224
       Whip              |       |     5 |       ||     5
Throw: Dart              |       |     4 |       ||     4
 Cast: Corpse Rot        |       |       |     1 ||     1
Evoke: Wand              |     1 |     9 |     1 ||    11
       Piece from Xom's  |       |       |     3 ||     3
  Use: Scroll            |     2 |       |       ||     2
 Stab: Sleeping          |    10 |    11 |     5 ||    26
       Distracted        |       |     1 |     1 ||     2
       Petrified         |       |       |     2 ||     2
       Petrifying        |       |       |     1 ||     1
Armor: Leather armour    |    40 |    35 |    44 ||   119
Dodge: Dodged            |    75 |    84 |    98 ||   257
Block: Buckler           |       |       |    41 ||    41

Table legend: (Time is in decaauts)
 A = Elapsed time spent in this place.
 B = Non-inter-level travel time spent in this place.
 C = Inter-level travel time spent in this place.
 D = Time resting spent in this place.
 E = Time spent auto-exploring this place.
 F = Levels seen in this place.
 G = Mean time per level.
                   A        B        C        D        E       F      G
               +--------+--------+--------+--------+--------+-----+--------+
         Total |   7875 |   7532 |    343 |    156 |   6083 |   7 | 1125.0 |
       Dungeon |   7875 |   7532 |    343 |    156 |   6083 |   7 | 1125.0 |
               +--------+--------+--------+--------+--------+-----+--------+

Top non-repeatable levels by time:
     D:4: 1731 daAuts
     D:3: 1574 daAuts
     D:5: 1509 daAuts
     D:6: 1431 daAuts
     D:2: 775 daAuts
     D:1: 773 daAuts
     D:7: 81 daAuts
